San Jose Sharks vs Tampa Bay Lightning
Created - Friday, September 13, 2024 at 10:16
Goals
|
| San Jose Sharks |
2 |
0 |
0 |
2 |
| Tampa Bay Lightning |
2 |
0 |
2 |
4 |
|
Shots
|
| San Jose Sharks |
16 |
10 |
7 |
33 |
| Tampa Bay Lightning |
13 |
3 |
16 |
32 |
|
1st period
1. Tampa Bay Lightning , Darnell Nurse 3 (Michael Matheson 4, Travis Konecny 14) at 0:34
2. Tampa Bay Lightning , Jason Dickinson 2 (Michael Matheson 5, Tyler Toffoli 2) at 14:30
3. San Jose Sharks , Dylan Strome 7 (Joseph Veleno 2, Tobias Bjornfot 2) at 18:45
4. San Jose Sharks , Dylan Strome 8 (Eetu Luostarinen 8) at 18:51
Penalties :
Darnell Nurse (TBL) for High sticking (Minor) at 9:17
2nd period
No Goal
Penalties :
Sean Durzi (SJS) for Hooking (Minor) at 0:05, TJ Brodie (TBL) for Tripping (Minor) at 6:02, Jonathan Huberdeau (TBL) for Tripping (Minor) at 11:21
3rd period
5. Tampa Bay Lightning , Michael Matheson 1 (Anze Kopitar 23) at 9:09 (PP)
6. Tampa Bay Lightning , Michael Matheson 2 (Anze Kopitar 24) at 19:10 (Empty Net)
Penalties :
Sean Durzi (SJS) for Tripping (Minor) at 0:22, Johnny Gaudreau (TBL) for Hooking (Minor) at 1:18, Sean Durzi (SJS) for High sticking (Minor) at 8:25, Luke Kunin (SJS) for Roughing (Minor) at 11:32, Simon Nemec (SJS) for Kneeing (Minor) at 15:02
Goalie Stats
Logan Thompson (SJS), 28 saves from 31 shots - (0.903), L, 10-9-1, 59:37 minutes
Jeremy Swayman (TBL), 31 saves from 33 shots - (0.939), W, 12-2-3, 60:00 minutes
Players Stats for San Jose Sharks
Player Name G A P +/- PIM S H SB GA TA FO MP PP MP PK MP
------------------------------------------------------------------------------------
Adam Henrique 0 0 0 -1 0 3 0 0 1 0 16/29 20:14 3:52 3:40
Christian Dvorak 0 0 0 0 0 2 1 0 0 0 7/14 11:53 0:24 0:00
Christopher Tanev 0 0 0 0 0 1 2 1 0 0 0/0 25:44 4:22 3:46
Dmitry Orlov 0 0 0 -1 0 1 1 1 0 0 0/0 23:30 1:52 4:23
Dylan Strome 2 0 2 1 0 5 0 0 1 0 4/9 21:18 3:33 3:40
Eetu Luostarinen 0 1 1 1 0 0 2 0 1 0 1/1 15:06 2:26 0:00
Frederick Gaudreau 0 0 0 -1 0 0 0 0 1 0 2/4 8:18 0:00 0:00
Ilya Mikheyev 0 0 0 -1 0 3 2 0 0 0 0/0 8:43 0:00 0:17
Ivan Barbashev 0 0 0 -1 0 2 1 0 0 0 1/1 18:12 2:56 3:40
Joel Edmundson 0 0 0 -1 0 1 1 0 0 0 0/0 18:58 2:13 0:20
Joseph Veleno 0 1 1 -1 0 1 0 1 0 0 1/1 9:34 0:35 0:17
Luke Kunin 0 0 0 0 2 3 0 0 0 0 0/0 13:50 2:55 0:00
Matthew Knies 0 0 0 1 0 1 0 1 0 0 0/2 12:49 0:06 0:00
Mike Hoffman 0 0 0 0 0 3 2 0 1 1 0/1 11:18 0:00 0:00
Rickard Rakell 0 0 0 -1 0 2 0 0 1 0 0/3 18:12 2:56 3:40
Sean Durzi 0 0 0 0 6 3 2 0 2 0 0/0 23:05 4:40 1:55
Simon Nemec 0 0 0 0 2 2 1 2 0 0 0/0 16:59 0:56 3:16
Tobias Bjornfot 0 1 1 0 0 0 1 1 1 0 0/0 13:32 0:39 1:34
Players Stats for Tampa Bay Lightning
Player Name G A P +/- PIM S H SB GA TA FO MP PP MP PK MP
------------------------------------------------------------------------------------
Alexander Kerfoot 0 0 0 2 0 2 3 0 0 0 0/0 12:07 0:00 3:20
Anze Kopitar 0 2 2 0 0 3 0 0 0 0 12/30 18:08 3:40 0:12
Darnell Nurse 1 0 1 3 2 3 1 1 0 0 0/0 17:54 3:07 0:16
Dylan Cozens 0 0 0 0 0 3 2 1 0 1 5/10 15:52 0:00 3:20
Gustav Nyquist 0 0 0 0 0 1 2 1 0 0 1/1 11:11 0:03 0:00
Hampus Lindholm 0 0 0 -1 0 2 1 0 0 3 0/0 20:32 3:07 3:45
Jason Dickinson 1 0 1 2 0 2 3 1 0 0 6/8 11:11 0:00 3:21
Johnny Gaudreau 0 0 0 0 2 0 2 0 0 0 1/1 15:44 3:53 0:00
Jonathan Huberdeau 0 0 0 -1 2 1 2 0 0 1 2/3 17:22 3:54 0:00
Kirill Kaprizov 0 0 0 -1 0 2 1 0 0 1 0/0 18:00 3:40 0:12
Michael Matheson 2 2 4 3 0 4 2 0 0 1 0/0 24:35 3:59 3:34
Moritz Seider 0 0 0 -1 0 2 2 2 0 0 0/0 24:19 3:59 2:58
Roope Hintz 0 0 0 0 0 4 0 1 0 0 6/11 14:51 3:53 0:00
Ryan Graves 0 0 0 -1 0 0 0 4 0 1 0/0 18:17 0:31 2:58
TJ Brodie 0 0 0 -1 2 0 0 0 0 0 0/0 14:29 0:31 0:15
Travis Konecny 0 1 1 0 0 2 4 0 1 0 0/1 15:08 3:40 0:00
Trevor Moore 0 0 0 0 0 1 2 0 0 0 0/0 14:32 0:03 3:21
Tyler Toffoli 0 1 1 1 0 0 2 1 0 1 0/0 7:48 0:04 0:00
3 Stars
1 - Michael Matheson (TBL)
2 - Jason Dickinson (TBL)
3 - Dylan Strome (SJS)
Power Play
San Jose Sharks - 0 on 4 Attempt(s) - 0.00%
Tampa Bay Lightning - 1 on 5 Attempt(s) - 20.00%
Penalty Kill
San Jose Sharks - 4 on 5 Attempt(s) - 80.00%
- Score 0 goal in Penalty Kill
Tampa Bay Lightning - 4 on 4 Attempt(s) - 100.00%
- Score 0 goal in Penalty Kill
Team Stat
San Jose Sharks - Hits : 16 - Faceoff Wins : 32 - Blocked Shots : 7 - Penalty Minutes : 10
Tampa Bay Lightning - Hits : 29 - Faceoff Wins : 33 - Blocked Shots : 12 - Penalty Minutes : 8
Official
Referees : Chris Rooney and Pierre Lambert
Linesman : Bevan Mills and James Tobias
Game Notes
Michael Matheson has scored in a empty net!
Finance
Level 1 -- Attendance: 6000 (100.00%) -- Ticket Income $570,000
Level 2 -- Attendance: 4580 (91.60%) -- Ticket Income $251,900
Level 3 -- Attendance: 3000 (100.00%) -- Ticket Income $96,000
Level 4 -- Attendance: 4398 (87.96%) -- Ticket Income $96,756
Luxury Box -- Attendance: 1000 (100.00%) -- Ticket Income $193,000
Game was played at the Tampa Bay Times Forum.
Total Attendance: 18978 (94.89%)
Total Ticket Income: $1,207,656
Other Income: $422,680
Total Income: $1,630,336
San Jose Sharks
5 vs 5 Forward
Center Left Wing Right Wing Time % Phy DF OF
1 Adam Henrique Rickard Rakell Ivan Barbashev 30 1 2 2
2 Dylan Strome Eetu Luostarinen Matthew Knies 30 1 2 2
3 Christian Dvorak Mike Hoffman Luke Kunin 25 1 2 2
4 Frederick Gaudreau Joseph Veleno Ilya Mikheyev 15 1 2 2
5 vs 5 Defense
Defense Defense Time % Phy DF OF
1 Sean Durzi Christopher Tanev 30 1 2 2
2 Joel Edmundson Dmitry Orlov 30 1 2 2
3 Simon Nemec Tobias Bjornfot 25 1 2 2
4 Sean Durzi Christopher Tanev 15 1 2 2
PowerPlay Forward
Center Left Wing Right Wing Time % Phy DF OF
1 Adam Henrique Rickard Rakell Ivan Barbashev 50 1 2 2
2 Dylan Strome Eetu Luostarinen Luke Kunin 50 1 2 2
PowerPlay Defense
Defense Defense Time % Phy DF OF
1 Sean Durzi Christopher Tanev 50 1 2 2
2 Dmitry Orlov Joel Edmundson 50 1 2 2
Penalty Kill 4 Players Forward
Center Wing Time % Phy DF OF
1 Adam Henrique Dylan Strome 50 1 2 2
2 Rickard Rakell Ivan Barbashev 50 1 2 2
Penalty Kill 4 Players Defense
Defense Defense Time % Phy DF OF
1 Sean Durzi Christopher Tanev 50 1 2 2
2 Simon Nemec Dmitry Orlov 50 1 2 2
Penalty Kill - 3 Players Forward
Forward Time % Phy DF OF
1 Adam Henrique 50 1 2 2
2 Dylan Strome 50 1 2 2
Penalty Kill - 3 Players Defense
Defense Defense Time % Phy DF OF
1 Sean Durzi Christopher Tanev 50 1 2 2
2 Simon Nemec Tobias Bjornfot 50 1 2 2
4 vs 4 Forward
Center Wing Time % Phy DF OF
1 Adam Henrique Dylan Strome 50 1 2 2
2 Rickard Rakell Ivan Barbashev 50 1 2 2
4 vs 4 Defense
Defense Defense Time % Phy DF OF
1 Sean Durzi Christopher Tanev 50 1 2 2
2 Dmitry Orlov Simon Nemec 50 1 2 2
Last Minutes Offensive
Center Left Wing Right Wing Defense Defense
Adam Henrique Rickard Rakell Ivan Barbashev Sean Durzi Christopher Tanev
Last Minutes Defensive
Center Left Wing Right Wing Defense Defense
Adam Henrique Rickard Rakell Ivan Barbashev Sean Durzi Christopher Tanev
Goaltenders
Starting : Logan Thompson
Backup : Ilya Samsonov
Extra Forwards
Normal : Joseph Veleno, Christian Dvorak, Ilya Mikheyev - PP : Joseph Veleno, Christian Dvorak - PK : Ilya Mikheyev
Extra Defensemen
Normal : Dmitry Orlov, Simon Nemec, Sean Durzi - PP : Dmitry Orlov - PK : Simon Nemec, Sean Durzi
Penalty Shots
Adam Henrique, Dylan Strome, Rickard Rakell, Ivan Barbashev, Eetu Luostarinen
Scratches
Brett Howden (Healthy), Kailer Yamamoto (Healthy), Victor Olofsson (Healthy), Erik Cernak (Healthy), Sam Lafferty (Healthy)
Tampa Bay Lightning
5 vs 5 Forward
Center Left Wing Right Wing Time % Phy DF OF
1 Anze Kopitar Kirill Kaprizov Jonathan Huberdeau 35 0 2 3
2 Roope Hintz Johnny Gaudreau Travis Konecny 30 0 3 2
3 Dylan Cozens Trevor Moore Gustav Nyquist 20 0 4 1
4 Jason Dickinson Tyler Toffoli Alexander Kerfoot 15 0 5 0
5 vs 5 Defense
Defense Defense Time % Phy DF OF
1 Moritz Seider Hampus Lindholm 30 1 2 2
2 Michael Matheson Darnell Nurse 30 1 2 2
3 TJ Brodie Ryan Graves 25 1 2 2
4 Moritz Seider Michael Matheson 15 1 2 2
PowerPlay Forward
Center Left Wing Right Wing Time % Phy DF OF
1 Roope Hintz Johnny Gaudreau Jonathan Huberdeau 50 1 2 2
2 Anze Kopitar Kirill Kaprizov Travis Konecny 50 1 2 2
PowerPlay Defense
Defense Defense Time % Phy DF OF
1 Michael Matheson Moritz Seider 50 1 2 2
2 Darnell Nurse Hampus Lindholm 50 1 2 2
Penalty Kill 4 Players Forward
Center Wing Time % Phy DF OF
1 Jason Dickinson Trevor Moore 50 1 2 2
2 Dylan Cozens Alexander Kerfoot 50 1 2 2
Penalty Kill 4 Players Defense
Defense Defense Time % Phy DF OF
1 Moritz Seider Ryan Graves 50 1 2 2
2 Michael Matheson Hampus Lindholm 50 1 2 2
Penalty Kill - 3 Players Forward
Forward Time % Phy DF OF
1 Anze Kopitar 50 1 2 2
2 Jason Dickinson 50 1 2 2
Penalty Kill - 3 Players Defense
Defense Defense Time % Phy DF OF
1 Michael Matheson Ryan Graves 50 1 2 2
2 Moritz Seider TJ Brodie 50 1 2 2
4 vs 4 Forward
Center Wing Time % Phy DF OF
1 Anze Kopitar Kirill Kaprizov 50 1 2 2
2 Dylan Cozens Travis Konecny 50 1 2 2
4 vs 4 Defense
Defense Defense Time % Phy DF OF
1 Michael Matheson TJ Brodie 50 1 2 2
2 Moritz Seider Ryan Graves 50 1 2 2
Last Minutes Offensive
Center Left Wing Right Wing Defense Defense
Anze Kopitar Kirill Kaprizov Travis Konecny Michael Matheson Moritz Seider
Last Minutes Defensive
Center Left Wing Right Wing Defense Defense
Anze Kopitar Jason Dickinson Alexander Kerfoot Moritz Seider Michael Matheson
Goaltenders
Starting : Jeremy Swayman
Backup : Darcy Kuemper
Extra Forwards
Normal : Travis Konecny, Tyler Toffoli, Trevor Moore - PP : Tyler Toffoli, Trevor Moore - PK : Anze Kopitar
Extra Defensemen
Normal : Michael Matheson, Moritz Seider, TJ Brodie - PP : TJ Brodie - PK : Darnell Nurse, TJ Brodie
Penalty Shots
Trevor Moore, Gustav Nyquist, Alexander Kerfoot, Anze Kopitar, Jonathan Huberdeau
Scratches
None
% Time on Ice - San Jose Sharks
Lines # - Real PCT - Wanted PCT - Time Play
Normal Forward
1 - 27% - 30% - 11:57
2 - 29% - 30% - 12:45
3 - 26% - 25% - 11:18
4 - 19% - 15% - 8:18
Normal Defense
1 - 30% - 30% - 13:07
2 - 37% - 30% - 16:21
3 - 25% - 25% - 11:02
4 - 9% - 15% - 3:48
PP Forward
1 - 58% - 50% - 3:58
2 - 42% - 50% - 2:55
PP Defense
1 - 68% - 50% - 4:40
2 - 32% - 50% - 2:13
PK Forward
1 - 52% - 50% - 3:57
2 - 48% - 50% - 3:40
PK Defense
1 - 39% - 50% - 3:00
2 - 61% - 50% - 4:37
PK3 Forward
1 - 0% - 50%
2 - 0% - 50%
PK3 Defense
1 - 0% - 50%
2 - 0% - 50%
44 Forward
1 - 54% - 50% - 0:34
2 - 46% - 50% - 0:29
44 Defense
1 - 100% - 50% - 1:03
2 - 0% - 50% - 0:00
Last Minute Offensive - 0:09
Last Minute Defensive - 0:00
Total
Forward - 60:00
Defense - 60:00
|
% Time on Ice - Tampa Bay Lightning
Lines # - Real PCT - Wanted PCT - Time Play
Normal Forward
1 - 29% - 35% - 13:04
2 - 28% - 30% - 12:25
3 - 25% - 20% - 11:08
4 - 17% - 15% - 7:42
Normal Defense
1 - 29% - 30% - 12:40
2 - 35% - 30% - 15:31
3 - 27% - 25% - 12:01
4 - 9% - 15% - 4:07
PP Forward
1 - 52% - 50% - 3:57
2 - 48% - 50% - 3:40
PP Defense
1 - 59% - 50% - 4:30
2 - 41% - 50% - 3:07
PK Forward
1 - 51% - 50% - 3:31
2 - 49% - 50% - 3:22
PK Defense
1 - 46% - 50% - 3:08
2 - 54% - 50% - 3:45
PK3 Forward
1 - 0% - 50%
2 - 0% - 50%
PK3 Defense
1 - 0% - 50%
2 - 0% - 50%
44 Forward
1 - 57% - 50% - 0:36
2 - 43% - 50% - 0:27
44 Defense
1 - 44% - 50% - 0:28
2 - 56% - 50% - 0:35
Last Minute Offensive - 0:00
Last Minute Defensive - 0:08
Total
Forward - 60:00
Defense - 60:00
|
Play-by-Play
1st period
0:01 of 1st period - Anze Kopitar wins face-off versus Adam Henrique in neutral zone.
0:06 of 1st period - Wrist shot by Anze Kopitar.
0:06 of 1st period - Shot Misses the Net.
0:26 of 1st period - Hampus Lindholm is hit by Eetu Luostarinen.
0:30 of 1st period - Slapshot by Travis Konecny.
0:30 of 1st period - Shot Misses the Net.
0:32 of 1st period - Slapshot by Michael Matheson.
0:32 of 1st period - Stopped by Logan Thompson with a rebound.
0:34 of 1st period - Slapshot by Darnell Nurse.
0:34 of 1st period - Goal by Darnell Nurse - San Jose Sharks : 0 - Tampa Bay Lightning : 1.
0:35 of 1st period - Christian Dvorak wins face-off versus Dylan Cozens in neutral zone.
1:31 of 1st period - Snap shot by Ivan Barbashev.
1:31 of 1st period - Deflect By Adam Henrique.
1:31 of 1st period - Stopped by Jeremy Swayman with a rebound.
1:33 of 1st period - Slapshot by Rickard Rakell.
1:33 of 1st period - Stopped by Jeremy Swayman without a rebound.
1:34 of 1st period - Roope Hintz wins face-off versus Dylan Strome in Tampa Bay Lightning zone.
2:05 of 1st period - Wrist shot by Luke Kunin.
2:05 of 1st period - Stopped by Jeremy Swayman without a rebound.
2:06 of 1st period - Anze Kopitar wins face-off versus Christian Dvorak in Tampa Bay Lightning zone.
2:08 of 1st period - Icing by Kirill Kaprizov.
2:09 of 1st period - Anze Kopitar wins face-off versus Adam Henrique in Tampa Bay Lightning zone.
2:14 of 1st period - Wrist shot by Anze Kopitar.
2:14 of 1st period - Stopped by Logan Thompson with a rebound.
2:24 of 1st period - Slapshot by Kirill Kaprizov.
2:24 of 1st period - Shot Misses the Net.
2:26 of 1st period - Wrist shot by Kirill Kaprizov.
2:26 of 1st period - Shot Misses the Net.
3:16 of 1st period - Michael Matheson is hit by Christopher Tanev and loses puck.
3:27 of 1st period - Slapshot by Joseph Veleno.
3:27 of 1st period - Shot Blocked by Tyler Toffoli.
3:29 of 1st period - Wrist shot by Simon Nemec.
3:29 of 1st period - Stopped by Jeremy Swayman with a rebound.
3:50 of 1st period - Wrist shot by Jason Dickinson.
3:50 of 1st period - Shot Misses the Net.
5:14 of 1st period - Wrist shot by Dylan Strome.
5:14 of 1st period - Shot Misses the Net.
5:16 of 1st period - Slapshot by Simon Nemec.
5:16 of 1st period - Stopped by Jeremy Swayman without a rebound.
5:17 of 1st period - Anze Kopitar wins face-off versus Christian Dvorak in Tampa Bay Lightning zone.
5:17 of 1st period - Anze Kopitar is hit by Sean Durzi.
5:27 of 1st period - Snap shot by Luke Kunin.
5:27 of 1st period - Stopped by Jeremy Swayman without a rebound.
5:28 of 1st period - Adam Henrique wins face-off versus Anze Kopitar in Tampa Bay Lightning zone.
5:31 of 1st period - Wrist shot by Ivan Barbashev.
5:31 of 1st period - Deflect By Rickard Rakell.
5:31 of 1st period - Shot Misses the Net.
5:31 of 1st period - Puck is out of play.
5:32 of 1st period - Adam Henrique wins face-off versus Anze Kopitar in Tampa Bay Lightning zone.
6:08 of 1st period - Hampus Lindholm is hit by Eetu Luostarinen.
6:46 of 1st period - Snap shot by Ilya Mikheyev.
6:46 of 1st period - Stopped by Jeremy Swayman without a rebound.
6:47 of 1st period - Adam Henrique wins face-off versus Anze Kopitar in Tampa Bay Lightning zone.
7:02 of 1st period - Wrist shot by Anze Kopitar.
7:02 of 1st period - Shot Hit the Post.
7:24 of 1st period - Wrist shot by Travis Konecny.
7:24 of 1st period - Shot Blocked by Simon Nemec.
7:26 of 1st period - Wrist shot by Johnny Gaudreau.
7:26 of 1st period - Shot Misses the Net.
8:16 of 1st period - Icing by Joel Edmundson.
8:17 of 1st period - Frederick Gaudreau wins face-off versus Anze Kopitar in San Jose Sharks zone.
8:48 of 1st period - Wrist shot by Gustav Nyquist.
8:48 of 1st period - Deflect By Dylan Cozens.
8:48 of 1st period - Stopped by Logan Thompson without a rebound.
8:49 of 1st period - Dylan Strome wins face-off versus Dylan Cozens in San Jose Sharks zone.
9:17 of 1st period - Minor Penalty to Darnell Nurse for High sticking.
9:18 of 1st period - Jason Dickinson wins face-off versus Adam Henrique in Tampa Bay Lightning zone.
9:29 of 1st period - Snap shot by Adam Henrique.
9:29 of 1st period - Shot Blocked by Ryan Graves.
9:31 of 1st period - Snap shot by Adam Henrique.
9:31 of 1st period - Shot Misses the Net.
9:33 of 1st period - Slapshot by Christopher Tanev.
9:33 of 1st period - Stopped by Jeremy Swayman with a rebound.
9:49 of 1st period - Wrist shot by Eetu Luostarinen.
9:49 of 1st period - Deflect By Dylan Strome.
9:49 of 1st period - Deflect By Trevor Moore.
9:49 of 1st period - Shot Misses the Net.
9:49 of 1st period - Puck is out of play.
9:50 of 1st period - Dylan Strome wins face-off versus Jason Dickinson in Tampa Bay Lightning zone.
9:53 of 1st period - Snap shot by Dylan Strome.
9:53 of 1st period - Stopped by Jeremy Swayman with a rebound.
10:15 of 1st period - Joel Edmundson is hit by Alexander Kerfoot and loses puck.
10:22 of 1st period - Snap shot by Rickard Rakell.
10:22 of 1st period - Deflect By Adam Henrique.
10:22 of 1st period - Shot Blocked by Dylan Cozens.
10:22 of 1st period - Puck is out of play.
10:23 of 1st period - Dylan Strome wins face-off versus Dylan Cozens in Tampa Bay Lightning zone.
10:34 of 1st period - Snap shot by Dylan Strome.
10:34 of 1st period - Stopped by Jeremy Swayman with a rebound.
10:36 of 1st period - Wrist shot by Luke Kunin.
10:36 of 1st period - Deflect By Dylan Strome.
10:36 of 1st period - Shot Blocked by Moritz Seider.
10:36 of 1st period - Puck is out of play.
10:37 of 1st period - Jason Dickinson wins face-off versus Adam Henrique in Tampa Bay Lightning zone.
11:17 of 1st period - Penalty to Darnell Nurse is over, Darnell Nurse is back on ice.
11:38 of 1st period - Snap shot by Sean Durzi.
11:38 of 1st period - Stopped by Jeremy Swayman without a rebound.
11:39 of 1st period - Ivan Barbashev wins face-off versus Roope Hintz in Tampa Bay Lightning zone.
11:46 of 1st period - Snap shot by Rickard Rakell.
11:46 of 1st period - Deflect By Adam Henrique.
11:46 of 1st period - Shot Misses the Net.
11:46 of 1st period - Puck is out of play.
11:47 of 1st period - Adam Henrique wins face-off versus Roope Hintz in Tampa Bay Lightning zone.
11:56 of 1st period - Snap shot by Travis Konecny.
11:56 of 1st period - Stopped by Logan Thompson with a rebound.
11:58 of 1st period - Slapshot by Michael Matheson.
11:58 of 1st period - Shot Misses the Net.
12:00 of 1st period - Wrist shot by Roope Hintz.
12:00 of 1st period - Stopped by Logan Thompson with a rebound.
12:02 of 1st period - Slapshot by Darnell Nurse.
12:02 of 1st period - Stopped by Logan Thompson without a rebound.
12:03 of 1st period - Christian Dvorak wins face-off versus Anze Kopitar in San Jose Sharks zone.
12:16 of 1st period - Snap shot by Kirill Kaprizov.
12:16 of 1st period - Stopped by Logan Thompson with a rebound.
12:18 of 1st period - Wrist shot by Jonathan Huberdeau.
12:18 of 1st period - Deflect By Kirill Kaprizov.
12:18 of 1st period - Shot Misses the Net.
12:18 of 1st period - Puck is out of play.
12:19 of 1st period - Roope Hintz wins face-off versus Matthew Knies in San Jose Sharks zone.
12:49 of 1st period - Wrist shot by Rickard Rakell.
12:49 of 1st period - Stopped by Jeremy Swayman without a rebound.
12:50 of 1st period - Anze Kopitar wins face-off versus Mike Hoffman in Tampa Bay Lightning zone.
13:19 of 1st period - Simon Nemec is hit by Gustav Nyquist and loses puck.
13:40 of 1st period - Travis Konecny is hit by Simon Nemec and loses puck.
14:01 of 1st period - Adam Henrique is hit by Darnell Nurse and loses puck.
14:28 of 1st period - Snap shot by Tyler Toffoli.
14:28 of 1st period - Shot Misses the Net.
14:30 of 1st period - Slapshot by Michael Matheson.
14:30 of 1st period - Deflect By Jason Dickinson.
14:30 of 1st period - Deflect By Frederick Gaudreau.
14:30 of 1st period - Goal by Jason Dickinson - San Jose Sharks : 0 - Tampa Bay Lightning : 2.
14:31 of 1st period - Jonathan Huberdeau wins face-off versus Dylan Strome in neutral zone.
14:44 of 1st period - Slapshot by Jonathan Huberdeau.
14:44 of 1st period - Shot Misses the Net.
15:20 of 1st period - Dylan Cozens is hit by Joel Edmundson.
15:24 of 1st period - Michael Matheson is hit by Ivan Barbashev and loses puck.
15:36 of 1st period - Off-side.
15:37 of 1st period - Anze Kopitar wins face-off versus Frederick Gaudreau in neutral zone.
16:16 of 1st period - Christopher Tanev is hit by Travis Konecny and loses puck.
16:39 of 1st period - Sean Durzi is hit by Jason Dickinson and loses puck.
17:39 of 1st period - Snap shot by Roope Hintz.
17:39 of 1st period - Stopped by Logan Thompson with a rebound.
17:59 of 1st period - Snap shot by Rickard Rakell.
17:59 of 1st period - Shot Misses the Net.
18:01 of 1st period - Snap shot by Adam Henrique.
18:01 of 1st period - Stopped by Jeremy Swayman with a rebound.
18:03 of 1st period - Wrist shot by Adam Henrique.
18:03 of 1st period - Shot Blocked by Jason Dickinson.
18:07 of 1st period - Slapshot by Ivan Barbashev.
18:07 of 1st period - Stopped by Jeremy Swayman with a rebound.
18:45 of 1st period - Snap shot by Dylan Strome.
18:45 of 1st period - Goal by Dylan Strome - San Jose Sharks : 1 - Tampa Bay Lightning : 2.
18:46 of 1st period - Eetu Luostarinen wins face-off versus Roope Hintz in neutral zone.
18:51 of 1st period - Wrist shot by Dylan Strome.
18:51 of 1st period - Goal by Dylan Strome - San Jose Sharks : 2 - Tampa Bay Lightning : 2.
18:52 of 1st period - Anze Kopitar wins face-off versus Christian Dvorak in neutral zone.
19:19 of 1st period - Sean Durzi is hit by Moritz Seider and loses puck.
19:24 of 1st period - Slapshot by Dylan Cozens.
19:24 of 1st period - Stopped by Logan Thompson with a rebound.
19:26 of 1st period - Wrist shot by Dylan Cozens.
19:26 of 1st period - Shot Misses the Net.
19:28 of 1st period - Slapshot by Michael Matheson.
19:28 of 1st period - Stopped by Logan Thompson with a rebound.
19:30 of 1st period - Slapshot by Gustav Nyquist.
19:30 of 1st period - Shot Misses the Net.
19:32 of 1st period - Slapshot by Dylan Cozens.
19:32 of 1st period - Stopped by Logan Thompson without a rebound.
19:33 of 1st period - Dylan Strome wins face-off versus Travis Konecny in San Jose Sharks zone.
Goals for this period are 2 for San Jose Sharks vs 2 for Tampa Bay Lightning.
Shots for this period are 16 for San Jose Sharks vs 13 for Tampa Bay Lightning.
2nd period
0:01 of 2nd period - Anze Kopitar wins face-off versus Adam Henrique in neutral zone.
0:05 of 2nd period - Minor Penalty to Sean Durzi for Hooking.
0:06 of 2nd period - Johnny Gaudreau wins face-off versus Adam Henrique in San Jose Sharks zone.
1:34 of 2nd period - Dmitry Orlov is hit by Moritz Seider and loses puck.
2:05 of 2nd period - Penalty to Sean Durzi is over, Sean Durzi is back on ice.
2:14 of 2nd period - Tobias Bjornfot is hit by Dylan Cozens and loses puck.
2:33 of 2nd period - Frederick Gaudreau is hit by Tyler Toffoli and loses puck.
2:38 of 2nd period - Snap shot by Alexander Kerfoot.
2:38 of 2nd period - Shot Misses the Net.
2:55 of 2nd period - Dmitry Orlov is hit by Michael Matheson and loses puck.
3:28 of 2nd period - Sean Durzi is hit by Jason Dickinson and loses puck.
3:43 of 2nd period - Tobias Bjornfot is hit by Johnny Gaudreau and loses puck.
3:54 of 2nd period - Dylan Cozens is hit by Tobias Bjornfot and loses puck.
4:39 of 2nd period - Icing by Joel Edmundson.
4:40 of 2nd period - Roope Hintz wins face-off versus Dylan Strome in San Jose Sharks zone.
5:30 of 2nd period - Slapshot by Kirill Kaprizov.
5:30 of 2nd period - Stopped by Logan Thompson with a rebound.
5:54 of 2nd period - Snap shot by Ilya Mikheyev.
5:54 of 2nd period - Stopped by Jeremy Swayman with a rebound.
5:56 of 2nd period - Slapshot by Dmitry Orlov.
5:56 of 2nd period - Stopped by Jeremy Swayman with a rebound.
6:02 of 2nd period - Minor Penalty to TJ Brodie for Tripping.
6:03 of 2nd period - Jason Dickinson wins face-off versus Adam Henrique in Tampa Bay Lightning zone.
6:14 of 2nd period - Slapshot by Sean Durzi.
6:14 of 2nd period - Deflect By Ivan Barbashev.
6:14 of 2nd period - Stopped by Jeremy Swayman without a rebound.
6:15 of 2nd period - Dylan Cozens wins face-off versus Adam Henrique in Tampa Bay Lightning zone.
7:09 of 2nd period - Dylan Strome is hit by Dylan Cozens.
8:02 of 2nd period - Penalty to TJ Brodie is over, TJ Brodie is back on ice.
8:17 of 2nd period - Snap shot by Travis Konecny.
8:17 of 2nd period - Shot Hit the Post.
8:27 of 2nd period - Dmitry Orlov is hit by Johnny Gaudreau and loses puck.
8:55 of 2nd period - Anze Kopitar is hit by Mike Hoffman and loses puck.
9:00 of 2nd period - Snap shot by Christian Dvorak.
9:00 of 2nd period - Stopped by Jeremy Swayman without a rebound.
9:01 of 2nd period - Christian Dvorak wins face-off versus Dylan Cozens in Tampa Bay Lightning zone.
9:16 of 2nd period - Snap shot by Gustav Nyquist.
9:16 of 2nd period - Shot Misses the Net.
10:18 of 2nd period - Slapshot by Johnny Gaudreau.
10:18 of 2nd period - Shot Blocked by Matthew Knies.
10:56 of 2nd period - Snap shot by Eetu Luostarinen.
10:56 of 2nd period - Shot Misses the Net.
10:58 of 2nd period - Wrist shot by Joel Edmundson.
10:58 of 2nd period - Stopped by Jeremy Swayman with a rebound.
11:00 of 2nd period - Slapshot by Joel Edmundson.
11:00 of 2nd period - Shot Blocked by Roope Hintz.
11:02 of 2nd period - Slapshot by Dmitry Orlov.
11:02 of 2nd period - Shot Misses the Net.
11:04 of 2nd period - Snap shot by Matthew Knies.
11:04 of 2nd period - Shot Blocked by Darnell Nurse.
11:06 of 2nd period - Slapshot by Dmitry Orlov.
11:06 of 2nd period - Deflect By Matthew Knies.
11:06 of 2nd period - Stopped by Jeremy Swayman with a rebound.
11:08 of 2nd period - Wrist shot by Eetu Luostarinen.
11:08 of 2nd period - Deflect By Dylan Strome.
11:08 of 2nd period - Stopped by Jeremy Swayman without a rebound.
11:09 of 2nd period - Adam Henrique wins face-off versus Anze Kopitar in Tampa Bay Lightning zone.
11:21 of 2nd period - Minor Penalty to Jonathan Huberdeau for Tripping.
11:22 of 2nd period - Adam Henrique wins face-off versus Jason Dickinson in Tampa Bay Lightning zone.
11:26 of 2nd period - Snap shot by Rickard Rakell.
11:26 of 2nd period - Shot Misses the Net.
11:38 of 2nd period - Adam Henrique is hit by Alexander Kerfoot and loses puck.
12:03 of 2nd period - Rickard Rakell is hit by Trevor Moore and loses puck.
13:21 of 2nd period - Penalty to Jonathan Huberdeau is over, Jonathan Huberdeau is back on ice.
14:25 of 2nd period - Slapshot by Hampus Lindholm.
14:25 of 2nd period - Stopped by Logan Thompson with a rebound.
14:41 of 2nd period - Icing by Joel Edmundson.
14:42 of 2nd period - Adam Henrique wins face-off versus Anze Kopitar in San Jose Sharks zone.
14:59 of 2nd period - Snap shot by Roope Hintz.
14:59 of 2nd period - Shot Misses the Net.
15:07 of 2nd period - Wrist shot by Travis Konecny.
15:07 of 2nd period - Shot Misses the Net.
15:37 of 2nd period - Dylan Strome is hit by Jonathan Huberdeau and loses puck.
16:04 of 2nd period - Snap shot by Jason Dickinson.
16:04 of 2nd period - Stopped by Logan Thompson without a rebound.
16:05 of 2nd period - Jason Dickinson wins face-off versus Christian Dvorak in San Jose Sharks zone.
16:10 of 2nd period - Wrist shot by Alexander Kerfoot.
16:10 of 2nd period - Deflect By Jason Dickinson.
16:10 of 2nd period - Shot Misses the Net.
16:10 of 2nd period - Puck is out of play.
16:11 of 2nd period - Christian Dvorak wins face-off versus Anze Kopitar in San Jose Sharks zone.
16:20 of 2nd period - Snap shot by Luke Kunin.
16:20 of 2nd period - Stopped by Jeremy Swayman without a rebound.
16:21 of 2nd period - Adam Henrique wins face-off versus Anze Kopitar in Tampa Bay Lightning zone.
16:24 of 2nd period - Wrist shot by Adam Henrique.
16:24 of 2nd period - Stopped by Jeremy Swayman without a rebound.
16:25 of 2nd period - Anze Kopitar wins face-off versus Adam Henrique in Tampa Bay Lightning zone.
17:20 of 2nd period - Snap shot by Mike Hoffman.
17:20 of 2nd period - Shot Blocked by Ryan Graves.
17:36 of 2nd period - Christopher Tanev is hit by Alexander Kerfoot and loses puck.
17:41 of 2nd period - Wrist shot by Michael Matheson.
17:41 of 2nd period - Shot Blocked by Joseph Veleno.
17:43 of 2nd period - Slapshot by Michael Matheson.
17:43 of 2nd period - Deflect By Jason Dickinson.
17:43 of 2nd period - Shot Misses the Net.
17:43 of 2nd period - Puck is out of play.
17:44 of 2nd period - Adam Henrique wins face-off versus Anze Kopitar in San Jose Sharks zone.
18:29 of 2nd period - Snap shot by Ilya Mikheyev.
18:29 of 2nd period - Stopped by Jeremy Swayman without a rebound.
18:30 of 2nd period - Frederick Gaudreau wins face-off versus Dylan Cozens in Tampa Bay Lightning zone.
18:57 of 2nd period - Dmitry Orlov is hit by Travis Konecny and loses puck.
Goals for this period are 0 for San Jose Sharks vs 0 for Tampa Bay Lightning.
Shots for this period are 10 for San Jose Sharks vs 3 for Tampa Bay Lightning.
3rd period
0:01 of 3rd period - Adam Henrique wins face-off versus Anze Kopitar in neutral zone.
0:22 of 3rd period - Minor Penalty to Sean Durzi for Tripping.
0:23 of 3rd period - Adam Henrique wins face-off versus Roope Hintz in San Jose Sharks zone.
1:18 of 3rd period - Minor Penalty to Johnny Gaudreau for Hooking.
1:19 of 3rd period - Adam Henrique wins face-off versus Anze Kopitar in Tampa Bay Lightning zone.
1:45 of 3rd period - Slapshot by Moritz Seider.
1:45 of 3rd period - Stopped by Logan Thompson without a rebound.
1:46 of 3rd period - Dylan Cozens wins face-off versus Rickard Rakell in San Jose Sharks zone.
1:59 of 3rd period - Snap shot by Dylan Cozens.
1:59 of 3rd period - Shot Blocked by Christopher Tanev.
2:01 of 3rd period - Wrist shot by Moritz Seider.
2:01 of 3rd period - Stopped by Logan Thompson with a rebound.
2:13 of 3rd period - Ryan Graves is hit by Christopher Tanev and loses puck.
2:22 of 3rd period - Penalty to Sean Durzi is over, Sean Durzi is back on ice.
2:22 of 3rd period - Wrist shot by Anze Kopitar.
2:22 of 3rd period - Stopped by Logan Thompson with a rebound.
2:24 of 3rd period - Slapshot by TJ Brodie.
2:24 of 3rd period - Shot Misses the Net.
2:31 of 3rd period - Icing by Dylan Strome.
2:32 of 3rd period - Jason Dickinson wins face-off versus Adam Henrique in San Jose Sharks zone.
2:33 of 3rd period - Wrist shot by Trevor Moore.
2:33 of 3rd period - Shot Misses the Net.
3:04 of 3rd period - Snap shot by Sean Durzi.
3:04 of 3rd period - Shot Misses the Net.
3:18 of 3rd period - Penalty to Johnny Gaudreau is over, Johnny Gaudreau is back on ice.
4:00 of 3rd period - Wrist shot by Dylan Cozens.
4:00 of 3rd period - Shot Misses the Net.
4:06 of 3rd period - Slapshot by Alexander Kerfoot.
4:06 of 3rd period - Stopped by Logan Thompson with a rebound.
4:08 of 3rd period - Snap shot by Alexander Kerfoot.
4:08 of 3rd period - Stopped by Logan Thompson without a rebound.
4:09 of 3rd period - Jonathan Huberdeau wins face-off versus Christian Dvorak in San Jose Sharks zone.
4:17 of 3rd period - Off-side.
4:18 of 3rd period - Christian Dvorak wins face-off versus Jonathan Huberdeau in neutral zone.
4:25 of 3rd period - Snap shot by Mike Hoffman.
4:25 of 3rd period - Stopped by Jeremy Swayman with a rebound.
4:43 of 3rd period - Kirill Kaprizov is hit by Mike Hoffman and loses puck.
4:56 of 3rd period - Dmitry Orlov is hit by Kirill Kaprizov and loses puck.
5:11 of 3rd period - Snap shot by Christian Dvorak.
5:11 of 3rd period - Stopped by Jeremy Swayman without a rebound.
5:12 of 3rd period - Joseph Veleno wins face-off versus Roope Hintz in Tampa Bay Lightning zone.
5:27 of 3rd period - Wrist shot by Roope Hintz.
5:27 of 3rd period - Stopped by Logan Thompson with a rebound.
5:29 of 3rd period - Wrist shot by Roope Hintz.
5:29 of 3rd period - Deflect By Travis Konecny.
5:29 of 3rd period - Shot Misses the Net.
5:29 of 3rd period - Puck is out of play.
5:30 of 3rd period - Dylan Cozens wins face-off versus Dylan Strome in San Jose Sharks zone.
5:35 of 3rd period - Slapshot by Dylan Cozens.
5:35 of 3rd period - Deflect By Trevor Moore.
5:35 of 3rd period - Shot Misses the Net.
5:35 of 3rd period - Puck is out of play.
5:36 of 3rd period - Dylan Cozens wins face-off versus Dylan Strome in San Jose Sharks zone.
6:01 of 3rd period - Wrist shot by Sean Durzi.
6:01 of 3rd period - Shot Blocked by Ryan Graves.
6:03 of 3rd period - Slapshot by Christopher Tanev.
6:03 of 3rd period - Shot Blocked by Ryan Graves.
6:05 of 3rd period - Slapshot by Sean Durzi.
6:05 of 3rd period - Stopped by Jeremy Swayman without a rebound.
6:06 of 3rd period - Anze Kopitar wins face-off versus Christian Dvorak in Tampa Bay Lightning zone.
6:06 of 3rd period - Anze Kopitar is hit by Christian Dvorak.
6:16 of 3rd period - Christian Dvorak is hit by Jonathan Huberdeau and loses puck.
6:31 of 3rd period - Christopher Tanev is hit by Travis Konecny.
7:10 of 3rd period - TJ Brodie is hit by Ilya Mikheyev and loses puck.
7:17 of 3rd period - Slapshot by Joseph Veleno.
7:17 of 3rd period - Stopped by Jeremy Swayman without a rebound.
7:18 of 3rd period - Adam Henrique wins face-off versus Anze Kopitar in Tampa Bay Lightning zone.
8:25 of 3rd period - Minor Penalty to Sean Durzi for High sticking.
8:26 of 3rd period - Anze Kopitar wins face-off versus Adam Henrique in San Jose Sharks zone.
8:37 of 3rd period - Snap shot by Travis Konecny.
8:37 of 3rd period - Shot Blocked by Dmitry Orlov.
8:39 of 3rd period - Snap shot by Travis Konecny.
8:39 of 3rd period - Stopped by Logan Thompson with a rebound.
8:41 of 3rd period - Slapshot by Michael Matheson.
8:41 of 3rd period - Deflect By Kirill Kaprizov.
8:41 of 3rd period - Shot Misses the Net.
8:41 of 3rd period - Puck is out of play.
8:42 of 3rd period - Roope Hintz wins face-off versus Rickard Rakell in San Jose Sharks zone.
8:53 of 3rd period - Wrist shot by Roope Hintz.
8:53 of 3rd period - Stopped by Logan Thompson with a rebound.
8:55 of 3rd period - Slapshot by Darnell Nurse.
8:55 of 3rd period - Deflect By Jonathan Huberdeau.
8:55 of 3rd period - Stopped by Logan Thompson without a rebound.
8:56 of 3rd period - Adam Henrique wins face-off versus Anze Kopitar in San Jose Sharks zone.
9:09 of 3rd period - Wrist shot by Michael Matheson.
9:09 of 3rd period - Goal by Michael Matheson - San Jose Sharks : 2 - Tampa Bay Lightning : 3.
9:10 of 3rd period - Adam Henrique wins face-off versus Anze Kopitar in neutral zone.
9:37 of 3rd period - Ivan Barbashev is hit by Michael Matheson and loses puck.
10:33 of 3rd period - Off-side.
10:34 of 3rd period - Anze Kopitar wins face-off versus Matthew Knies in neutral zone.
11:01 of 3rd period - Matthew Knies is hit by Hampus Lindholm.
11:07 of 3rd period - Wrist shot by Gustav Nyquist.
11:07 of 3rd period - Deflect By Dylan Cozens.
11:07 of 3rd period - Shot Misses the Net.
11:07 of 3rd period - Puck is out of play.
11:08 of 3rd period - Gustav Nyquist wins face-off versus Adam Henrique in San Jose Sharks zone.
11:15 of 3rd period - Wrist shot by Trevor Moore.
11:15 of 3rd period - Shot Blocked by Tobias Bjornfot.
11:17 of 3rd period - Snap shot by Darnell Nurse.
11:17 of 3rd period - Shot Blocked by Simon Nemec.
11:19 of 3rd period - Backhand shot by Darnell Nurse.
11:19 of 3rd period - Deflect By Rickard Rakell.
11:19 of 3rd period - Stopped by Logan Thompson with a rebound.
11:21 of 3rd period - Wrist shot by Dylan Cozens.
11:21 of 3rd period - Shot Misses the Net.
11:23 of 3rd period - Slapshot by Trevor Moore.
11:23 of 3rd period - Stopped by Logan Thompson without a rebound.
11:24 of 3rd period - Christian Dvorak wins face-off versus Anze Kopitar in San Jose Sharks zone.
11:32 of 3rd period - Minor Penalty to Luke Kunin for Roughing.
11:33 of 3rd period - Adam Henrique wins face-off versus Anze Kopitar in San Jose Sharks zone.
12:46 of 3rd period - Wrist shot by Anze Kopitar.
12:46 of 3rd period - Stopped by Logan Thompson with a rebound.
12:48 of 3rd period - Slapshot by Hampus Lindholm.
12:48 of 3rd period - Stopped by Logan Thompson without a rebound.
12:49 of 3rd period - Roope Hintz wins face-off versus Rickard Rakell in San Jose Sharks zone.
13:32 of 3rd period - Penalty to Luke Kunin is over, Luke Kunin is back on ice.
13:40 of 3rd period - Dylan Cozens is hit by Ilya Mikheyev and loses puck.
13:53 of 3rd period - Backhand shot by Frederick Gaudreau.
13:53 of 3rd period - Shot Misses the Net.
14:05 of 3rd period - Wrist shot by Mike Hoffman.
14:05 of 3rd period - Shot Blocked by Gustav Nyquist.
14:15 of 3rd period - Christopher Tanev is hit by Gustav Nyquist.
15:02 of 3rd period - Minor Penalty to Simon Nemec for Kneeing.
15:03 of 3rd period - Roope Hintz wins face-off versus Adam Henrique in San Jose Sharks zone.
15:29 of 3rd period - Kirill Kaprizov is hit by Dmitry Orlov and loses puck.
15:36 of 3rd period - Sean Durzi is hit by Travis Konecny and loses puck.
17:02 of 3rd period - Penalty to Simon Nemec is over, Simon Nemec is back on ice.
17:29 of 3rd period - Christian Dvorak is hit by Jason Dickinson.
17:58 of 3rd period - Sean Durzi is hit by Trevor Moore and loses puck.
18:15 of 3rd period - Dylan Cozens is hit by Sean Durzi and loses puck.
18:39 of 3rd period - Snap shot by Gustav Nyquist.
18:39 of 3rd period - Stopped by Logan Thompson without a rebound.
18:40 of 3rd period - Christian Dvorak wins face-off versus Anze Kopitar in San Jose Sharks zone.
18:47 of 3rd period - San Jose Sharks, Logan Thompson is pulled from the net.
18:47 of 3rd period - Slapshot by Sean Durzi.
18:47 of 3rd period - Stopped by Jeremy Swayman with a rebound.
19:10 of 3rd period - Slapshot by Michael Matheson.
19:10 of 3rd period - Goal by Michael Matheson - San Jose Sharks : 2 - Tampa Bay Lightning : 4.
19:10 of 3rd period - Logan Thompson from San Jose Sharks was sent back in the game.
19:11 of 3rd period - Jason Dickinson wins face-off versus Christian Dvorak in neutral zone.
19:30 of 3rd period - Sean Durzi is hit by Tyler Toffoli and loses puck.
19:41 of 3rd period - Snap shot by Christopher Tanev.
19:41 of 3rd period - Shot Misses the Net.
19:43 of 3rd period - Snap shot by Christopher Tanev.
19:43 of 3rd period - Shot Blocked by Moritz Seider.
19:47 of 3rd period - Snap shot by Mike Hoffman.
19:47 of 3rd period - Stopped by Jeremy Swayman with a rebound.
19:49 of 3rd period - Wrist shot by Mike Hoffman.
19:49 of 3rd period - Stopped by Jeremy Swayman without a rebound.
19:50 of 3rd period - Dylan Cozens wins face-off versus Frederick Gaudreau in Tampa Bay Lightning zone.
Goals for this period are 0 for San Jose Sharks vs 2 for Tampa Bay Lightning.
Shots for this period are 7 for San Jose Sharks vs 16 for Tampa Bay Lightning.
Back to the Top